Unix NetHack Version 3.7.0-86 Work-in-progress - last build May 30 2023 01:50:43 (cc98dc9aa62a9957b082a042edf5bd7ec9f632c7,branch:master). Game began 2023-06-23 19:35:36, ended 2023-06-30 15:55:26. spline, lawful female dwarven Valkyrie --- --.-- --- |...| --.--- --..-- G |....| |..-- --...| ---- |..| G ----..-- |..| --|..---- |.....| |..| .|.|.....| |.....-- |-.| -......-.| .:e --.|..^-- |..| --...|..-- -------- -@. ....-.- ----...-----.-- |.|.|-.----..--..-- --.... ........ --...--...| --- |.|.||...|........-----......h...---... |......-----------.-- |...| --................-.|.....--|... --..............--...---..-- --^........-----..---....| |.- --........------...........| --...........--|..---....---.| |...-.....-- |.--...----.| |.........|.|..---...........| |..........| |.....-----.| |-..--...-----.....-<.......-- ---.......-- |...........| |....|---- ------.......... ---.|.--- ----------..| --.--- --..|.|. ----- ---- --- ------ Spline the Stripling St:17 Dx:13 Co:14 In:10 Wi:10 Ch:9 Lawful Dlvl:4 $:42 HP:0(26) Pw:2(2) AC:5 Xp:2/29 T:1613 Fainting Latest messages: g - a scroll labeled VELOX NEB. You feel tired. You feel charismatic! You hear crashing rock. You hear crashing rock. You hear rumbling in the distance. You hear crashing rock. You swap places with the peaceful gnome. You are beginning to feel hungry. You hear crashing rock. You swap places with the peaceful dwarf. You are carrying too much to get through. A board beneath you squeaks a D flat loudly. You swap places with the peaceful gnome lord. You hear crashing rock. You kill the grid bug! You hit the floating eye. You are frozen by the floating eye's gaze! You hear rumbling in the distance. You hear crashing rock. You hear crashing rock. Valkyrie needs food, badly! The newt bites! The newt misses! The newt bites! The newt bites! The newt misses! The newt bites! The newt bites! The newt bites! The newt bites! The newt bites! The newt bites! The newt bites! The newt bites! The newt bites! The newt bites! The newt bites! The newt bites! The newt bites! The newt bites! The newt bites! The newt bites! The newt bites! You die... Do you want your possessions identified? [ynq] (y) n Do you want to see your attributes? [ynq] (y) n Do you want an account of creatures vanquished? [ynaq] (y) n Do you want to see your conduct and achievements? [ynq] (y) n Do you want to see the dungeon overview? [ynq] (y) n Inventory: Coins $ - 42 gold pieces Weapons n - 11 +0 darts e - 8 cursed +0 shuriken b - a +0 dagger (alternate weapon; not wielded) a - a +1 dwarvish spear (weapon in hand) Armor v - an uncursed burnt +0 pair of high boots (being worn) c - an uncursed +3 small shield (being worn) z - an uncursed +0 studded leather armor Comestibles d - an uncursed food ration p - 2 uncursed food rations A - an uncursed orange x - an uncursed tripe ration h - 2 uncursed lichen corpses Scrolls E - an uncursed scroll of enchant armor j - an uncursed scroll of magic mapping k - an uncursed scroll of remove curse g - an uncursed scroll of scare monster Spellbooks y - a cursed spellbook of knock Potions l - an uncursed potion of booze m - a cursed potion of extra healing w - an uncursed potion of gain energy s - an uncursed potion of gain level r - an uncursed potion of hallucination q - an uncursed potion of paralysis F - a cursed potion of paralysis t - an uncursed potion of restore ability Rings C - an uncursed ring of invisibility Wands D - a wand of enlightenment (0:11) u - a cursed wand of lightning (0:4) Tools G - an empty uncursed sack f - a cursed tallow candle o - a cursed tin whistle Spline the Valkyrie's attributes: Background: You were a Stripling, a level 2 dwarven Valkyrie. You were lawful, nominally on a mission for Tyr who was opposed by Odin (neutral) and Loki (chaotic). You were in the Gnomish Mines, on level 4. You entered the dungeon 1613 turns ago. You had 29 experience points, 11 more were needed to attain level 3. Basics: You had 0 out of 26 hit points. You had both energy points (spell power). Your armor class was 5. Your wallet contained 42 zorkmids. Autopickup was off. Final Characteristics: Your strength was 17 (base:18, limit:18/100). Your dexterity was 13 (limit:20). Your constitution was 14 (limit:20). Your intelligence was 10 (limit:16). Your wisdom was 10 (limit:16). Your charisma was 9 (limit:16). Final Status: You were fainting due to starvation. You were unencumbered. You were wielding a spear. You had basic skill with spear. Final Attributes: You were devoutly aligned. You were cold resistant. You had infravision. You are dead. Miscellaneous: You never encountered a bones level. Total elapsed playing time was 1 hour, 10 minutes and 9 seconds. Major events: Turn 1: spline the lawful dwarven Valkyrie entered the dungeon 1207: entered the Gnomish Mines 1613: killed by a newt, while frozen by a floating eye's gaze Vanquished creatures: a kitten a coyote a giant rat 3 gnomes 3 jackals 2 foxes 4 grid bugs 3 lichens 2 kobold zombies 6 newts 26 creatures vanquished. No species were genocided or became extinct. Voluntary challenges: You were an atheist. You read items or engraved 1 time. You never engraved Elbereth. You never genocided any monsters. You never polymorphed an object. You never changed form. You used no wishes. Achievements: You entered a shop. You entered the Gnomish Mines. The Dungeons of Doom: levels 1 to 4 Level 1: A fountain. Level 2: A scroll shop, a fountain. Level 3: Stairs down to The Gnomish Mines. Level 4: The Gnomish Mines: Level 4: <- You were here. Final resting place for you, killed by a newt, while frozen by a floating eye's gaze. Game over: ---------- / \ / REST \ / IN \ / PEACE \ / \ | spline | | 42 Au | | killed by a newt | | | | | | | | 2023 | *| * * * | * _________)/\\_//(\/(/\)/\//\/|_)_______ Farvel spline the Valkyrie... You died in The Gnomish Mines on dungeon level 4 with 324 points, and 42 pieces of gold, after 1613 moves. You were level 2 with a maximum of 26 hit points when you died.